 Seeded DCSS version 0.29-a0-375-g5102b3be25 (webtiles) character file.

Game seed: 13605594255664981076 (custom seed)

1 thiscave3701365 the Chopper (level 1, 16/20 HPs)
             Began as a Minotaur Berserker on May 3, 2022.
             Was a Follower of Trog.
             Quit the game on level 1 of the Dungeon.
             The game lasted 00:00:06 (125 turns).

thiscave3701365 the Chopper (Minotaur Berserker)     Turns: 125, Time: 00:00:06

Health: 16/20      AC:  2    Str: 21    XL:     1   Next: 16%
Magic:  0/0        EV:  9    Int:  4    God:    Trog [*.....]
Gold:   10         SH:  0    Dex:  9    Spells: 0/0 levels left

rFire   . . .      SeeInvis .   a - +0 hand axe
rCold   . . .      Faith    .   (no shield)
rNeg    . . .      Spirit   .   b - +0 animal skin
rPois   .          Reflect  .   (helmet restricted)
rElec   .          Harm     .   (no cloak)
rCorr   .          Rampage  .   (no gloves)
Will    .....                   (no boots)
Stlth   +.........              (no amulet)
HPRegen 0.06/turn               (no ring)
MPRegen 0.07/turn               (no ring)

@: constricted
A: horns 2, retaliatory headbutt
a: Renounce Religion, Berserk


You were on level 1 of the Dungeon.
You worshipped Trog.
Trog was aware of your devotion.
You visited 1 branch of the dungeon, and saw 1 of its levels.

You collected 10 gold pieces.

Inventory:

Hand Weapons
 a - a +0 hand axe (weapon)
Armour
 b - a +0 animal skin (worn)
Scrolls
 d - a scroll of immolation {unknown}
Potions
 c - a potion of brilliance {unknown}


   Skills:
 + Level 3.6 Fighting
 + Level 3.6 Axes
 + Level 2.4 Armour
 + Level 2.2 Dodging


You couldn't memorise any spells.
You didn't know any spells.
Your spell library was empty.

Dungeon Overview and Level Annotations

Branches:
Dungeon (1/15)

Altars:


Innate Abilities, Weirdness & Mutations

You have a pair of horns on your head.
You reflexively headbutt those who attack you in melee.


Message History

No target in view!
Unknown command.
Key pressed, stopping explore.
No target in view!
Found 2 javelins.
Unknown command.
No target in view!
You see here 2 javelins.
Found a stone staircase leading down.
No target in view!
A hobgoblin comes into view.
The hobgoblin shouts!
You hear an angry hiss. x2
A ball python comes into view.
Unknown command.
There are monsters nearby!
A rat comes into view.
There are monsters nearby!
You hit the hobgoblin but do no damage.
You headbutt the hobgoblin, but do no damage.
A ball python comes into view.
The hobgoblin closely misses you.
Unknown command.
There are monsters nearby!
You hit the hobgoblin. You headbutt the hobgoblin.
You kill the hobgoblin!
Trog accepts your kill.
There are monsters nearby!
The ball python completely misses you. The ball python grabs you.
The ball python constricts you.
Unknown command.
You closely miss the ball python.
The ball python bites you but does no damage.
The ball python constricts you. The ball python barely misses you.
The ball python constricts you.
There are monsters nearby!
Unknown command.
There are monsters nearby!
You closely miss the ball python. You hit the rat. The ball python bites you.
The ball python constricts you. The rat bites you but does no damage.
Are you sure you want to abandon this character and quit the game? (Confirm with "yes".)

...##..........#.#####
#.#.....#
..........#..........#
#.#######
..........#..........# #.#
..........#..........# #.#
..........#..........####.#
..........#...........(...#
..........#$..........#####
..........#.................#
....###########.@#########..#
....# #....SrS...# ....#
#.....>....+ ....#
#..........# ....#
#............ #####
#...........### #............
#...........##


You could see 2 ball pythons and a rat.

Vanquished Creatures
  A hobgoblin (D:1)
1 creature vanquished.

Notes
Turn   | Place    | Note
-------+----------+-------------------------------------------
     0 | D:1      | thiscave3701365 the Minotaur Berserker began the quest for
                  | the Orb.
     0 | D:1      | Reached XP level 1. HP: 19/19 MP: 0/0
   125 | D:1      | Quit the game

Illustrated notes

Levels and vault maps discovered:
D:1:      wander_arrival_lonely_grave, layout_basic,
          ebering_ecumenical_altar_rust

Action                   || total
-------------------------++-------
Melee: Hand axe          ||     4
       Headbutt          ||     2
Armor: Animal skin       ||     2
Dodge: Dodged            ||     3

Table legend: (Time is in decaauts)
 A = Elapsed time spent in this place.
 B = Non-inter-level travel time spent in this place.
 C = Inter-level travel time spent in this place.
 D = Time resting spent in this place.
 E = Time spent auto-exploring this place.
 F = Levels seen in this place.
 G = Mean time per level.
                   A        B        C        D        E       F      G
               +--------+--------+--------+--------+--------+-----+--------+
         Total |    125 |    125 |      0 |      0 |    109 |   1 |  125.0 |
       Dungeon |    125 |    125 |      0 |      0 |    109 |   1 |  125.0 |
               +--------+--------+--------+--------+--------+-----+--------+

Top non-repeatable levels by time:
     D:1: 125 daAuts
